 Dungeon Crawl Stone Soup version 0.30-a0-949-g53dc5368d7 (webtiles) character file.

Game seed: 6954763281035932209

1765 mopl the Vexing (level 9, -5/58 HPs)
             Began as a Vine Stalker Enchanter on Mar 27, 2023.
             Was a Follower of Kikubaaqudgha.
             Succumbed to a hornet's poison
             ... on level 7 of the Dungeon.
             The game lasted 00:09:27 (5200 turns).

mopl the Vexing (Vine Stalker Enchanter)            Turns: 5200, Time: 00:09:28

Health: -5/58      AC: 24    Str: 11    XL:     9   Next: 7%
Magic:  0/17       EV:  2    Int: 19    God:    Kikubaaqudgha [*.....]
Gold:   241        SH:  4    Dex: 21    Spells: 5/18 levels left

rFire   . . .      SeeInvis .    a - +2 dagger (venom)
rCold   . . .      Faith    .    H - +0 buckler
rNeg    . . .      Spirit   +    b - melded +0 robe
rPois   +          Reflect  .    D - melded +2 helmet
rElec   .          Rampage  .    p - melded +0 cloak
rCorr   .          NoTele   +    l - melded +0 pair of gloves
Will    ++...                    F - melded +2 pair of boots
Stlth   ++++                     (no amulet)
HPRegen 1.09/turn                i - ring of willpower
MPRegen 0.15/turn                s - +6 ring of dexterity

@: lethally poisoned (-5 -> -21), tree-form, slowed, very slow
A: stationary, stasis, torment immunity, boosted hp, (fangs 3), regeneration 1,
magic shield, (antimagic bite), no potion heal 2
a: Renounce Religion, Unearth Wretches


You were on level 7 of the Dungeon.
You worshipped Kikubaaqudgha.
Kikubaaqudgha was aware of your devotion.
You were a tree.
You visited 2 branches of the dungeon, and saw 8 of its levels.
You also visited: Sewer.

You collected 241 gold pieces.

Inventory:

Hand Weapons
 a - a +2 dagger of venom (weapon)
Missiles
 e - 30 poisoned darts
 g - a throwing net
 h - 3 silver boomerangs
 u - 5 atropa-tipped darts
Armour
 b - a +0 robe (melded)
 l - a +0 pair of gloves (melded)
 p - a +0 cloak (melded)
 w - a +0 ring mail of poison resistance
 D - a +2 helmet (melded)
 F - a +2 pair of boots (melded)
 H - a +0 buckler (worn)
Jewellery
 i - a ring of willpower (left branch)
 s - a +6 ring of dexterity (right branch)
Wands
 o - a wand of flame (13)
 q - a wand of digging (7)
 z - a wand of mindburst (9)
 C - a wand of roots (10)
Scrolls
 j - 3 scrolls of teleportation {unknown}
 r - a scroll of fear {unknown}
 x - 2 scrolls of identify
 y - a scroll of noise {unknown}
 A - a scroll of immolation {unknown}
 B - a scroll of amnesia {unknown}
 E - a scroll of fog {unknown}
Potions
 c - 3 potions of invisibility
 d - 3 potions of might
 f - a potion of flight
 k - a potion of ambrosia
 m - a potion of berserk rage {!q}
 n - 3 potions of brilliance
 t - a potion of haste
 G - 2 potions of magic


   Skills:
 + Level 4.2 Short Blades
 - Level 1.5 Dodging
 + Level 7.1 Stealth
 + Level 0.2 Shields
 + Level 5.1 Spellcasting
 * Level 7.4 Hexes
 + Level 2.8 Necromancy
 + Level 2.1 Translocations


You had 5 spell levels left.
You knew the following spells:

 Your Spells              Type           Power      Damage    Failure   Level
a - Dazzling Flash        Conj/Hex       38%        N/A       11%         3
b - Ensorcelled Hibernat  Hex/Ice        38%        N/A       5%          2
c - Confusing Touch       Hex            33%        N/A       2%          3
d - Tukima's Dance        Hex            33%        N/A       2%          3
e - Blink                 Tloc           26%        N/A       11%         2

Your spell library contained the following spells:

 Spells                   Type           Power      Damage    Failure   Level
 Necrotise                Necr           60%        1d7       5%          1
 Sublimation of Blood     Necr           15%        N/A       8%          2
 Kiss of Death            Conj/Necr      40%        2d8       10%         1
 Summon Guardian Golem    Hex/Summ       19%        N/A       11%         3
 Summon Small Mammal      Summ           16%        N/A       17%         1
 Cigotuvi's Dreadful Rot  Necr/Pois/Air  16%        N/A       17%         2
 Call Canine Familiar     Summ           4%         N/A       45%         3
 Frozen Ramparts          Ice            8%         1d2       45%         3
 Manifold Assault         Tloc           13%        N/A       56%         4
 Summon Mana Viper        Hex/Summ       19%        N/A       69%         5
 Ice Form                 Ice/Tmut       4%         N/A       86%         4
 Summon Ice Beast         Ice/Summ       4%         N/A       86%         4
 Summon Forest            Summ/Tloc      4%         N/A       96%         5
 Summon Cactus Giant      Summ           2%         N/A       100%        6
 Storm Form               Tmut/Air       2%         N/A       100%        7
 Chain Lightning          Conj/Air       2%         3d2       100%        9
 Fire Storm               Conj/Fire      2%         8d1       100%        9
 Shatter                  Erth           2%         3d6*      100%        9


Dungeon Overview and Level Annotations

Branches:
Dungeon (7/15)             Temple (1/1) D:5           Sewer (visited)

Altars:
Ashenzari
Cheibriados
Elyvilon
Fedhas
Gozag
Hepliaklqana
Kikubaaqudgha
Makhleb
Okawaru
Qazlal
Ru
Sif Muna
Trog
Uskayaw
Vehumet
Wu Jian
Xom
The Shining One

Shops:
D:6 :   D:7 (


Innate Abilities, Weirdness & Mutations

You are a tree.
Your roots penetrate the ground, keeping you stationary.
You cannot be teleported.
You are immune to unholy pain and torment.
Your maximum health is greatly increased.
Your equipment is partially melded.
((You have razor-sharp teeth.))
Your natural rate of healing is unusually fast.
When hurt, damage is shared between your health and your magic reserves.
((Your bite disrupts and absorbs the magic of your enemies.))
Potions cannot restore your health.


Message History

You see here a +0 long sword.
There is a stone staircase leading down here.
You climb downwards.
You hear the roar of battle.
There is an entrance to a bailey on this level.
Hurry and find it before the portal closes forever!
There is a stone staircase leading up here.
A hornet comes into view.
Found Eraegut's Antique Weapon Boutique.
Found a potion of ambrosia.
The hornet buzzes angrily.
The hornet misses you.
You miss the hornet. The hornet stings you!
You feel yourself slow down.
The hornet resists with some effort.
You feel yourself speed up. The hornet stings you!
You are poisoned.
You suddenly lose the ability to move!
The hornet stings you.
You feel yourself slow down.
The hornet stings you but does no damage.
You feel very sick. The hornet stings you!
You are more poisoned.
You feel as though you will be slow longer.
You feel very sick. The hornet stings you!
* * * LOW HITPOINT WARNING * * *
You are lethally poisoned!
You shrug off the repeated paralysis!
The hornet stings you!
* * * LOW HITPOINT WARNING * * *
You feel as though you will be slow longer.
You can move again.
Really quaff
v - a potion of lignification {!q}?
Really quaff the potion of lignification?
You turn into a tree.
Your +0 cloak melds into your body.
Your +2 helmet melds into your body.
Your +0 pair of gloves melds into your body.
Your +2 pair of boots melds into your body.
Your +0 robe melds into your body.
Your roots penetrate the ground.
You die...
Kikubaaqudgha rasps: "You have failed me!
Welcome... death!"

#........#......
######....#####
#.........<#
#.########## #.#
..# # #.#####
..##.#
#.....##.....#
#####...y...!#
#..♣.###.#
###..# #..#
#.... ######


You could see a hornet.

Vanquished Creatures
  Grinder (Sewer)
  Edmund (D:6)
  An ice beast (D:5)
  A black bear (D:4)
  An ogre (D:5)
  A centaur (D:6)
  2 phantoms (D:6)
  A kobold brigand (Sewer)
  A bullfrog (D:6)
  A gnoll sergeant (D:6)
  2 quasits (Sewer)
  2 hounds
  2 jellies
  An orc priest (D:6)
  5 sleepcaps
  2 iguanas
  Ijyb (D:5)
  6 orc wizards
  6 gnolls
  5 adders
  2 shadow imps (D:6)
  A white imp (D:6)
  3 ufetubi (Sewer)
  4 worms
  3 dart slugs
  16 orcs
  A bat zombie (Sewer)
  7 endoplasms
  2 giant cockroaches
  3 goblins
  6 hobgoblins
  7 jackals
  3 quokkas
  12 ball pythons
  8 bats
  5 frilled lizards
  A giant cockroach zombie (Sewer)
  15 kobolds
  A kobold zombie (Sewer)
  7 rats
150 creatures vanquished.

Notes
Turn   | Place    | Note
-------+----------+-------------------------------------------
     0 | D:1      | mopl the Vine Stalker Enchanter began the quest for the
                  | Orb.
     0 | D:1      | Reached XP level 1. HP: 9/9 MP: 4/4
   168 | D:1      | Reached skill level 1 in Short Blades
   239 | D:1      | Reached XP level 2. HP: 8/13 MP: 6/6
   692 | D:1      | Reached skill level 4 in Stealth
   707 | D:1      | Reached XP level 3. HP: 13/16 MP: 5/7
   881 | D:2      | Learned a level 2 spell: Ensorcelled Hibernation
   885 | D:2      | Learned a level 3 spell: Confusing Touch
  1605 | D:3      | Gained mutation: Your natural rate of healing is unusually
                  | fast. [Vine Stalker growth]
  1605 | D:3      | Reached XP level 4. HP: 21/21 MP: 9/9
  1621 | D:3      | Learned a level 3 spell: Tukima's Dance
  1682 | D:3      | Found a glowing drain.
  1731 | Sewer    | Entered a sewer
  1858 | Sewer    | Found a burning altar of Makhleb.
  1863 | Sewer    | Reached skill level 4 in Hexes
  1886 | Sewer    | Reached skill level 2 in Short Blades
  1886 | Sewer    | Reached XP level 5. HP: 21/24 MP: 6/10
  1892 | Sewer    | Reached skill level 3 in Spellcasting
  1903 | Sewer    | Noticed a kobold brigand
  1919 | Sewer    | Killed a kobold brigand
  1960 | Sewer    | Reached skill level 5 in Stealth
  1960 | Sewer    | Reached XP level 6. HP: 28/28 MP: 1/11
  2026 | Sewer    | Noticed Grinder
  2046 | Sewer    | Killed Grinder
  2047 | Sewer    | Reached skill level 5 in Hexes
  2226 | D:3      | Learned a level 3 spell: Dazzling Flash
  2692 | D:4      | Noticed a black bear
  2699 | D:4      | Killed a black bear
  2700 | D:4      | Reached XP level 7. HP: 32/32 MP: 13/13
  3174 | D:5      | Entered Level 5 of the Dungeon
  3182 | D:5      | Reached skill level 3 in Short Blades
  3234 | D:5      | Reached skill level 4 in Spellcasting
  3270 | D:5      | Found a staircase to the Ecumenical Temple.
  3279 | Temple   | Entered the Ecumenical Temple
  3470 | Temple   | Became a worshipper of Kikubaaqudgha
  3586 | D:5      | Reached skill level 6 in Stealth
  3586 | D:5      | Reached skill level 6 in Hexes
  3687 | D:5      | Noticed Ijyb
  3694 | D:5      | Killed Ijyb
  3695 | D:5      | Reached skill level 1 in Necromancy
  3732 | D:5      | Gained mutation: You have razor-sharp teeth. [Vine Stalker
                  | growth]
  3732 | D:5      | Reached XP level 8. HP: 18/36 MP: 8/15
  3997 | D:5      | Learned a level 2 spell: Blink
  4208 | D:6      | Noticed Edmund
  4222 | D:6      | Killed Edmund
  4223 | D:6      | Reached skill level 2 in Necromancy
  4223 | D:6      | Reached skill level 1 in Translocations
  4360 | D:6      | Reached * piety under Kikubaaqudgha
  4360 | D:6      | Received a gift from Kikubaaqudgha
  4426 | D:6      | Reached skill level 7 in Hexes
  4631 | D:6      | Reached skill level 4 in Short Blades
  4702 | D:6      | Found Vaowugh's Self-Improvement Boutique.
  4719 | D:6      | Reached skill level 5 in Spellcasting
  4736 | D:6      | Reached skill level 7 in Stealth
  4843 | D:6      | Reached skill level 2 in Translocations
  4843 | D:6      | Reached XP level 9. HP: 24/39 MP: 7/17
  5189 | D:7      | Found Eraegut's Antique Weapon Boutique.
  5189 | D:7      | Noticed a hornet
  5197 | D:7      | Paralysed by a hornet for 3 turns
  5199 | D:7      | HP: 1/39 [hornet (7)]
  5200 | D:7      | Succumbed to a hornet's poison

Illustrated notes

Levels and vault maps discovered:
D:1:      psy_arrival_dodecagon, layout_basic, dreamdust_mushroom_princess,
          minivault_4, kennysheep_crisscross
D:2:      layout_basic
D:3:      layout_loops_cross, portal_sewer_entry_c
D:4:      layout_basic, minmay_quantized
D:5:      layout_gridville, minmay_temple_entry_gardened_gates,
          hangedman_decor_slide_cut, minivault_4,
          minmay_a_box_with_orc_wizards_in_it, uniq_ijyb
D:6:      layout_loops_corners, nicolae_shop_self_help, uniq_edmund
D:7:      layout_basic, nicolae_overflow_quartered_altars, serial_glass,
          glass_columns_a, glass_columns_a, serial_shops, nicolae_square_shop,
          enter_bailey_5
Temple:   nicolae_temple_bog_church

Skill      XL: |  1  2  3  4  5  6  7  8 |
---------------+-------------------------+-----
Short Blades   | 1 2 3 4 |  4.2
Stealth        | 4 5 6 7 |  7.1
Hexes          | 4 5 6 7 |  7.4
Spellcasting   | 3 4 5 |  5.1
Necromancy     | 1 2 |  2.8
Translocations | 2 |  2.1
Dodging        | |  1.5
Shields        | |  0.2

Action                     |  1- 3 |  4- 6 |  7- 9 || total
---------------------------+-------+-------+-------++-------
  Melee: Dagger            |   132 |   160 |   235 ||   527
         Bite              |    21 |    45 |    83 ||   149
         Punch             |       |     1 |     3 ||     4
   Cast: Confusing Touch   |       |     4 |     6 ||    10
         Ensorcelled Hiber |       |     1 |     5 ||     6
         Tukima's Dance    |       |       |     2 ||     2
    Use: Scroll            |       |     6 |     2 ||     8
         Potion            |       |       |     2 ||     2
   Stab: Sleeping          |    17 |     5 |     9 ||    31
         Confused          |       |     3 |     7 ||    10
 Armour: Robe              |    41 |    76 |    36 ||   153
  Dodge: Dodged            |    91 |   155 |   123 ||   369
  Block: Buckler           |       |       |     1 ||     1

Table legend: (Time is in decaauts)
 A = Elapsed time spent in this place.
 B = Non-inter-level travel time spent in this place.
 C = Inter-level travel time spent in this place.
 D = Time resting spent in this place.
 E = Time spent auto-exploring this place.
 F = Levels seen in this place.
 G = Mean time per level.
                   A        B        C        D        E       F      G
               +--------+--------+--------+--------+--------+-----+--------+
         Total |   5148 |   4963 |    185 |    125 |   3405 |   9 |  572.0 |
       Dungeon |   4465 |   4305 |    160 |     79 |   3067 |   7 |  637.9 |
        Temple |    202 |    178 |     24 |      0 |    163 |   1 |  202.0 |
         Sewer |    480 |    480 |      0 |     46 |    174 |   1 |  480.0 |
               +--------+--------+--------+--------+--------+-----+--------+

Top non-repeatable levels by time:
     D:6: 980 daAuts
     D:1: 873 daAuts
     D:5: 786 daAuts
     D:3: 657 daAuts
     D:2: 577 daAuts
     D:4: 568 daAuts
   Sewer: 480 daAuts
  Temple: 202 daAuts
     D:7: 22 daAuts
